[Event "10th Cesme Open-A 2024"]
[Site "Cesme"]
[Date "2024.06.25"]
[Round "4"]
[White "Ebrahimi Rashti, Asal"]
[Black "Cilek, Bora"]
[Result "0-1"]
[ECO "B38"]
[WhiteElo "2001"]
[BlackElo "2242"]
[Annotator "RC"]
[PlyCount "86"]
[EventDate "2024.06.23"]
[EventType "swiss"]
[EventCountry "TUR"]
[SourceTitle "playchess.com"]
[Source "ChessBase"]
[SourceQuality "1"]
[TimeControl "5400+30"]

1. e4 c5 2. Nf3 Nc6 3. d4 cxd4 4. Nxd4 g6 5. c4 Bg7 6. Be3 Nf6 7. Nc3 O-O 8. Be2 d6 9. O-O Bd7 10. Nc2 Qa5 11. Rc1 Rfc8 12. Bd2 a6 13. Ne3 Qd8 14. b3 Nd4 15. Bd3 b5 16. Ncd5 Nxd5 17. Nxd5 Ne6 18. Qe1 Nc5 19. Be2 Ra7 20. Ba5 Qe8 21. b4 Ne6 22. cxb5 Rxc1 23. Qxc1 Nd4 24. Bd3 Bxb5 25. Bxb5 axb5 26. Qd2 Qa8 27. Qd3 e6 28. Ne3 Qc6 29. h3 Ra8 30. Qb1 Rc8 31. Kh1 h5 32. Rd1 f5 33. exf5 gxf5 34. Nf1 Kf7 35. Ne3 Bf6 36. Kh2 h4 37. Rd3 Be5+ 38. Kh1 Ke7 39. Qd1 Qc1 40. Qxc1 Rxc1+ 41. Rd1 Rc6 42. Kg1 Nc2 43. Rc1 Nxb4 0-1